 Dungeon Crawl Stone Soup version 0.27.1-3-gb3d3a73c9e (webtiles) character file.

Game seed: 5865164197014411272

27 saltiestKirin the Shield-Bearer (level 3, -7/23 HPs)
             Began as a Gargoyle Fighter on Oct 21, 2021.
             Was a Follower of Makhleb.
             Mangled by Terence (13 damage)
             ... on level 2 of the Dungeon.
             The game lasted 00:09:16 (1414 turns).

saltiestKirin the Shield-Bearer (Gargoyle Fighter)  Turns: 1414, Time: 00:09:17

Health: -7/23      AC: 10    Str: 20    XL:     3   Next: 10%
Magic:  3/3        EV:  7    Int:  8    God:    Makhleb [*.....]
Gold:   48         SH:  9    Dex:  9    Spells: 2/2 levels left

rFire    . . .     SeeInvis .   a - +0 flail
rCold    . . .     Faith    .   c - +0 kite shield
rNeg     + . .     Spirit   .   b - +0 scale mail
rPois    ∞         Reflect  .   (no helmet)
rElec    +         Harm     .   (no cloak)
rCorr    .         Rampage  .   (no gloves)
Will     .....                  (no boots)
Stlth    ..........             (no amulet)
HPRegen  0.07/turn              (no ring)
MPRegen  0.08/turn              (no ring)

@: no status effects
A: sickness immunity, AC +3, negative energy resistance 1, electricity
resistance, torment resistance 1, petrification resistance
a: Renounce Religion


You were on level 2 of the Dungeon.
You worshipped Makhleb.
Makhleb was aware of your devotion.
You visited 1 branch of the dungeon, and saw 2 of its levels.

You collected 48 gold pieces.

Inventory:

Hand Weapons
 a - a +0 flail (weapon)
 d - a +0 short sword
 i - a +0 dagger
 k - a +0 club
 n - a +0 club
 q - a +0 dagger
 s - a +0 dagger
Missiles
 h - 17 arrows
 l - 43 stones (quivered)
Armour
 b - a +0 scale mail (worn)
 c - a +0 kite shield (worn)
 m - a +0 leather armour
Scrolls
 e - 3 scrolls of identify {unknown}
 f - a scroll of fog {unknown}
 g - a scroll of blinking {unknown}
 j - 2 scrolls of enchant weapon {unknown}
 o - a scroll of vulnerability {unknown}
 r - a scroll of teleportation {unknown}
Potions
 p - a potion of lignification {unknown}
 t - a potion of curing {unknown}


   Skills:
 + Level 3.5 Fighting
 + Level 2.6 Maces & Flails
 + Level 3.6 Armour
 + Level 3.6 Shields


You had 2 spell levels left.
You didn't know any spells.
Your spell library was empty.

Dungeon Overview and Level Annotations

Branches:
Dungeon (2/15)

Altars:
Makhleb

Shops:
D:1 [

Annotations:
D:2 Terence


Innate Abilities, Weirdness & Mutations

You are immune to sickness and miasma.
Your stone body is resilient. (AC +3)
You are immune to poison.
You resist negative energy. (rN+)
You are resistant to electric shocks. (rElec)
You are resistant to unholy torment.
You are immune to petrification.


Message History

* * * LOW HITPOINT WARNING * * *
x2 You are too injured to fight recklessly!
You are too injured to fight recklessly!
You are too injured to fight recklessly!
You are too injured to fight recklessly!
You are too injured to fight recklessly!
You are too injured to fight recklessly!
You are too injured to fight recklessly!
You are too injured to fight recklessly!
You are too injured to fight recklessly!
You are too injured to fight recklessly!
You are too injured to fight recklessly!
You are too injured to fight recklessly!
You are too injured to fight recklessly!
You are too injured to fight recklessly!
You are too injured to fight recklessly!
You are too injured to fight recklessly!
You are too injured to fight recklessly!
You are too injured to fight recklessly!
You are too injured to fight recklessly!
You are too injured to fight recklessly!
You are too injured to fight recklessly!
You are too injured to fight recklessly!
You are too injured to fight recklessly!
You are too injured to fight recklessly!
You are too injured to fight recklessly!
You are too injured to fight recklessly!
You are too injured to fight recklessly!
Your shield prevents you from hitting Terence.
Terence is lightly wounded.
Terence drinks a potion.
Terence seems to grow stronger.
Hit: a) +0 flail
Press: ? - help, Dir - move target, f - Terence
Aim: Terence, wielding a +3 vorpal trident, wearing a +0 ring mail and carrying a wand of digging (4) (lightly wounded, strong, about 46% to evade your +0 flail)
You barely miss Terence.
Terence is lightly wounded.
You block Terence's attack.
Terence hits you with a +3 vorpal trident!
Ouch! That really hurt!
You die...

.## >.# #.# #.# #.#
..# #.# ..# #@# #.#
#@# #.# #.#####.#
#.# ........#####.#
#.#...........#####
..................#
#.#.#############.#
# #. #.# # #.# #.#


You could see Terence (strong).

Vanquished Creatures
  A worm (D:2)
  3 ball pythons
  A bat (D:2)
  3 endoplasms (D:1)
  3 goblins
  5 hobgoblins
  A frilled lizard (D:2)
  A kobold (D:1)
  5 rats
23 creatures vanquished.

Notes
Turn   | Place    | Note
-------+----------+-------------------------------------------
     0 | D:1      | saltiestKirin the Gargoyle Fighter began the quest for the
                  | Orb.
     0 | D:1      | Reached XP level 1. HP: 14/14 MP: 1/1
   150 | D:1      | Reached XP level 2. HP: 17/19 MP: 2/2
   302 | D:1      | Found Jiumaita's Armour Boutique.
   314 | D:1      | Found a faded altar of an unknown god.
   345 | D:1      | Became a worshipper of Makhleb the Destroyer
   345 | D:1      | Reached * piety under Makhleb
  1270 | D:2      | Reached XP level 3. HP: 23/23 MP: 3/3
  1407 | D:2      | Noticed Terence
  1414 | D:2      | Mangled by Terence

Illustrated notes

Levels and vault maps discovered:
D:1:      roderic_dead_forest, layout_basic, dreamdust_ecumenical_altar_statues,
          serial_shops, shop
D:2:      layout_basic, chequers_arboretum, kennysheep_generic_room_5,
          uniq_terence

Action                   || total
-------------------------++-------
Melee: Flail             ||    66
  Use: Potion            ||     1
Armor: Scale mail        ||    37
Dodge: Dodged            ||    20
Block: Kite shield       ||    42
